 Dungeon Crawl Stone Soup version 0.20-a0-1018-ge435b50 (webtiles) character file.

169 MirrMurr the Poker (level 5, 0/41 HPs)
             Began as a Demonspawn Gladiator on Apr 17, 2017.
             Slain by a wyvern zombie (6 damage)
             ... on level 6 of the Dungeon.
             The game lasted 00:08:54 (2452 turns).

MirrMurr the Poker (Demonspawn Gladiator)           Turns: 2452, Time: 00:08:54

Health: 0/41       AC: 13    Str: 16    XL:     5   Next: 25%
Magic:  5/5        EV:  8    Int:  9    God:
Gold:   213        SH:  0    Dex: 14    Spells: 4/4 levels left

rFire    . . .     SeeInvis .   a - +0 trident
rCold    . . .     Gourm    .   (no shield)
rNeg     . . .     Faith    .   m - +0 chain mail
rPois    .         Spirit   .   c - +0 helmet
rElec    .         Reflect  .   s - +0 cloak
rCorr    .         Harm     .   q - +0 pair of gloves
MR       .....                  (no boots)
Stlth    ..........             (no amulet)
Regen    0.2/turn               (no ring)
MPRegen  0.1/turn               (no ring)

@: about to teleport
A: hooves 1, thin metallic scales 1, nightstalker 1
a: no special abilities


You were on level 6 of the Dungeon.
You were not hungry.

You visited 1 branch of the dungeon, and saw 4 of its levels.

You collected 213 gold pieces.

Inventory:

Hand Weapons
 a - a +0 trident (weapon)
Missiles
 b - 166 stones
 d - 3 throwing nets (quivered)
 h - 17 poisoned needles
 n - 5 curare-tipped needles
Armour
 c - a +0 helmet (worn)
 m - a +0 chain mail (worn)
 q - a +0 pair of gloves (worn)
 s - a +0 cloak (worn)
Scrolls
 g - a scroll of random uselessness {unknown}
 i - 4 scrolls of remove curse {unknown}
 k - 2 scrolls of magic mapping
 o - a scroll of enchant weapon {unknown}
 p - a scroll of immolation {unknown}
Potions
 l - 2 potions of agility
 r - a potion of lignification {unknown}
Comestibles
 f - 5 bread rations
 j - a royal jelly


   Skills:
 + Level 3.3 Fighting
 * Level 4.2 Polearms
 - Level 1.7 Throwing
 + Level 3.5 Dodging


You had 4 spell levels left.
You didn't know any spells.

Dungeon Overview and Level Annotations

Branches:
Dungeon (3/15)

Altars:
Kikubaaqudgha
Makhleb
Nemelex Xobeh
Sif Muna
Vehumet


Innate Abilities, Weirdness & Mutations

You have large cloven feet.
You are partially covered in thin metallic scales. (AC +2)
You are slightly more attuned to the shadows.


Message History

Your chain mail prevents you from hitting the wyvern zombie.
You kick the wyvern zombie, but do no damage.
The wyvern zombie bites you.
You barely miss the wyvern zombie.
You kick the wyvern zombie, but do no damage.
The wyvern zombie bites you. The wyvern zombie bites you!
You puncture the wyvern zombie!
The wyvern zombie is moderately damaged.
The wyvern zombie bites you.
You hit the wyvern zombie.
You kick the wyvern zombie, but do no damage.
The wyvern zombie is moderately damaged.
The wyvern zombie bites you!
* * * LOW HITPOINT WARNING * * *
Okay, then.
As you read the scroll of teleportation, it crumbles to dust.
You feel strangely unstable. The wyvern zombie bites you.
* * * LOW HITPOINT WARNING * * *
The wyvern zombie bites you.
You die... oo#

## #?# #.. #.# #.#
#.# #.# #.# #.# #.#
#.########.
#.#####>..@Z.....
#......o#####..##
#####.#####.# #..#
#.....# #.# #..####
#.###.#####.###
#..... #.........#
#...#
#..##.###.###...#
#.....##........#
......##.#.#...)...#


You could see an orc priest and a wyvern zombie.

Vanquished Creatures
  A crimson imp (D:3)
  An orc wizard (D:3)
  2 adders
  2 oozes
  2 worms (D:2)
  2 leopard geckos
  3 orcs (D:3)
  3 ball pythons
  6 bats
  2 giant cockroaches
  13 goblins
  7 hobgoblins
  2 jackals (D:1)
  3 quokkas (D:2)
  4 frilled lizards
  A kobold (D:2)
  12 rats
66 creatures vanquished.

Notes
Turn   | Place    | Note
-------+----------+-------------------------------------------
     0 | D:1      | MirrMurr the Demonspawn Gladiator began the quest for the Orb.
     0 | D:1      | Reached XP level 1. HP: 16/16 MP: 1/1
    88 | D:1      | Gained mutation: You are slightly more attuned to the shadows. [demonic ancestry]
    88 | D:1      | Reached XP level 2. HP: 21/22 MP: 2/2
   157 | D:1      | Reached skill level 3 in Polearms
  1037 | D:2      | Gained mutation: You have large cloven feet. [demonic ancestry]
  1037 | D:2      | Reached XP level 3. HP: 28/28 MP: 3/3
  1552 | D:2      | Found a sparkling altar of Nemelex Xobeh.
  1644 | D:2      | Gained mutation: You are partially covered in thin metallic scales. (AC +2) [demonic ancestry]
  1644 | D:2      | Reached XP level 4. HP: 34/34 MP: 4/4
  1944 | D:3      | Found an ancient bone altar of Kikubaaqudgha.
  2121 | D:3      | Reached skill level 4 in Polearms
  2134 | D:3      | Found a burning altar of Makhleb.
  2135 | D:3      | Found a radiant altar of Vehumet.
  2168 | D:3      | Reached XP level 5. HP: 29/41 MP: 5/5
  2362 | D:3      | Found a deep blue altar of Sif Muna.
  2398 | D:3      | You fall through a shaft for 3 floors!
  2452 | D:6      | Slain by a wyvern zombie

Vault maps used:
D:1:      dpeg_arrival_short_road, st_stairs_3, minmay_curled_crystal
D:2:      nemelex_altar_shiori, first_bread
D:3:      grunt_temple_overflow_lords_of_destruction, lemuel_round_altar,
          kiku_gazebo_garden_becter, minmay_misc_feat_iff,
          minmay_item_behind_shaft, kennysheep_generic_room_9
D:6:      lemuel_coloured_pillars_altar, minmay_temple_entry_overgrown,
          nrook_loot_triangle, minmay_misc_feat_ornament

Skill      XL: |  1  2  3  4 |
---------------+-------------+-----
Polearms       | 3 4 |  4.2
Dodging        | 3 |  3.5
Fighting       | 3 |  3.3
Throwing       | |  1.7

Action                   |  1- 3 |  4- 6 || total
-------------------------+-------+-------++-------
Melee: Trident           |   146 |   107 ||   253
       Kick              |    14 |    27 ||    41
  Use: Scroll            |     3 |     1 ||     4
 Stab: Sleeping          |     4 |     1 ||     5
       Distracted        |     1 |       ||     1
  Eat: Chunk             |     2 |     3 ||     5
Armor: Leather armour    |    16 |       ||    16
       Ring mail         |     9 |    38 ||    47
       Chain mail        |       |     3 ||     3
Dodge: Dodged            |    71 |    45 ||   116
